 Dungeon Crawl Stone Soup version 0.28.0-53-g5a82cb258f (webtiles) character file.

Game seed: 1116722463665958167

41 Gabide the Skirmisher (level 3, 0/29 HPs)
             Began as a Human Monk on June 1, 2022.
             Succumbed to an adder's poison
             ... on level 2 of the Dungeon.
             The game lasted 00:01:29 (1422 turns).

Gabide the Skirmisher (Human Monk)                  Turns: 1422, Time: 00:01:29

Health: 0/29       AC:  3    Str: 11    XL:     3   Next: 75%
Magic:  3/3        EV: 13    Int: 10    God:
Gold:   26         SH:  0    Dex: 17    Spells: 2/2 levels left

rFire   . . .      SeeInvis .   a - +0 spear
rCold   . . .      Faith    .   (no shield)
rNeg    . . .      Spirit   .   b - +0 robe
rPois   .          Reflect  .   (no helmet)
rElec   .          Harm     .   e - +0 cloak
rCorr   .          Rampage  .   (no gloves)
Will    .....                   (no boots)
Stlth   ++........              (no amulet)
HPRegen 0.09/turn               (no ring)
MPRegen 0.08/turn               (no ring)

@: lethally poisoned (0 -> -7), invisible
A: no striking features
a: no special abilities


You were on level 2 of the Dungeon.
You visited 1 branch of the dungeon, and saw 2 of its levels.

You collected 66 gold pieces.
You spent 40 gold pieces at shops.

Inventory:

Hand Weapons
 a - a +0 spear (weapon)
Armour
 b - a +0 robe (worn)
 e - a +0 cloak (worn)
Scrolls
 c - 2 scrolls of teleportation {unknown}
 d - a scroll of fear {unknown}
 f - a scroll of vulnerability {unknown}
Potions
 i - a potion of ambrosia {unknown}


   Skills:
 + Level 3.5 Fighting
 + Level 3.5 Polearms
 + Level 3.5 Dodging
 - Level 2.0 Stealth


You had 2 spell levels left.
You didn't know any spells.
Your spell library was empty.

Dungeon Overview and Level Annotations

Branches:
Dungeon (2/15)

Altars:

Shops:
D:1 *


Message History

The adder poisons you!
You hit the adder.
The adder is heavily wounded.
You feel sick. The adder closely misses you.
You are too injured to fight recklessly!
You are too injured to fight recklessly!
You are too injured to fight recklessly!
You are too injured to fight recklessly!
You are too injured to fight recklessly!
You are too injured to fight recklessly!
You are too injured to fight recklessly!
You are too injured to fight recklessly!
You are too injured to fight recklessly!
You are too injured to fight recklessly!
You are too injured to fight recklessly!
You are too injured to fight recklessly!
You are too injured to fight recklessly!
You barely miss the adder.
The adder is heavily wounded.
You feel sick. The adder bites you but does no damage.
You miss the adder.
The adder is heavily wounded.
You feel sick. The adder barely misses you.
You miss the adder.
The adder is heavily wounded.
You feel sick. The adder bites you.
* * * LOW HITPOINT WARNING * * *
You are lethally poisoned!
The adder poisons you!
You closely miss the adder.
The adder is heavily wounded.
* * * LOW HITPOINT WARNING * * *
You feel sick. The adder closely misses you.
It was a potion of magic.
Magic courses through your body.
* * * LOW HITPOINT WARNING * * *
You feel sick. The adder closely misses you. The adder bites you.
* * * LOW HITPOINT WARNING * * *
It was a potion of invisibility.
You fade into invisibility!
You die...

#..#)##### ##.
.##..#...... S# ..#
#..##.#...... ..#
..## #..# #.#......
#..# ...
#..####........
#..#
..##..##...........
#..#
..b†##..###.......
#..##.S##..##
#..#####
#...@##..## ##>#
##..##..## ###
##....## ##..##
####


You could see an adder and a bat.

Vanquished Creatures
  An adder (D:2)
  3 endoplasms (D:1)
  2 hobgoblins (D:1)
  6 jackals (D:1)
  5 kobolds
  A quokka (D:1)
  7 ball pythons
  2 frilled lizards (D:1)
  2 rats (D:1)
29 creatures vanquished.

Notes
Turn   | Place    | Note
-------+----------+-------------------------------------------
     0 | D:1      | Gabide the Human Monk began the quest for the Orb.
     0 | D:1      | Reached XP level 1. HP: 18/18 MP: 1/1
    33 | D:1      | Reached XP level 2. HP: 21/24 MP: 2/2
   428 | D:1      | Reached XP level 3. HP: 26/29 MP: 3/3
   611 | D:1      | Bought a fizzy ruby potion for 20 gold pieces
   611 | D:1      | Bought a bubbling sapphire potion for 20 gold pieces
  1421 | D:2      | HP: 1/29 [adder (2)]
  1422 | D:2      | Succumbed to an adder's poison

Illustrated notes

Levels and vault maps discovered:
D:1:      minmay_arrival_semitransparent, layout_loops_ring, serial_shops, shop,
          st_stairs_6, glass_columns_a, minmay_tromino_v7
D:2:      minmay_alternating_diamond, layout_basic

Action                   || total
-------------------------++-------
Melee: Spear             ||   123
       Punch             ||     1
  Use: Potion            ||     3
 Stab: Sleeping          ||     6
Armor: Robe              ||    19
Dodge: Dodged            ||    68
